 Dungeon Crawl Stone Soup version 0.30-b1-2-g02819fbbbe (webtiles) character file.

Game seed: 11549747559495593428

238 redmage the Digger (level 6, -4/46 HPs)
             Began as a Meteoran Earth Elementalist on July 21, 2023.
             Killed from afar by Ijyb (9 damage)
             ... with a bolt of light
             ... on level 4 of the Dungeon on July 24, 2023.
             The game lasted 00:12:59 (838 turns).

redmage the Digger (Meteoran Earth Elementalist)     Turns: 838, Time: 00:13:00

Health: -4/46      AC:  3    Str:  9    XL:     6   Next: 54%
Magic:  10/13      EV: 13    Int: 25    God:
Gold:   121        SH:  0    Dex: 15    Spells: 7/13 levels left

rFire   . . .        q - +1 trident (venom)
rCold   + . .        (no shield)
rNeg    . . .        a - +0 robe
rPois   .            (no helmet)
rElec   .            (no cloak)
rCorr   .            h - +0 pair of gloves
SInv    .            (no boots)
Will    .....        (no amulet)
Stlth   +            d - ring of protection from cold
HPRegen 0.27/turn    l - +6 ring of intelligence
MPRegen 0.13/turn

%: no passive effects
@: glowing
A: sense surroundings 1, otherworldly, glowing, explore regen
a: no special abilities


You were on level 4 of the Dungeon.
You visited 1 branch of the dungeon, and saw 5 of its levels.

You collected 121 gold pieces.

Inventory:

Hand Weapons
 p - a +2 hand axe of flaming
 q - a +1 trident of venom (weapon)
Missiles
 n - 36 stones
Armour
 a - a +0 robe (worn)
 h - a +0 pair of gloves (worn)
Jewellery
 d - a ring of protection from cold (left hand)
 g - a ring of ice
 l - a +6 ring of intelligence (right hand)
 o - a ring of flight
 u - a +6 ring of strength
Wands
 m - a wand of polymorph (15)
 s - a wand of paralysis (8)
Scrolls
 t - a scroll of fog
 v - a scroll of magic mapping {unknown}
Potions
 f - 2 potions of attraction {unknown}
 i - a potion of resistance {unknown}
 j - a potion of flight {unknown}
 k - a potion of lignification {unknown}
 r - a potion of brilliance {unknown}


   Skills:
 - Level 0.3 Fighting
 - Level 0.2 Short Blades
 - Level 3.1 Dodging
 - Level 1.4 Stealth
 + Level 4.4 Spellcasting
 + Level 2.5 Conjurations
 + Level 3.0 Transmutations
 + Level 5.1 Earth Magic


You had 7 spell levels left.
You knew the following spells:

 Your Spells              Type           Power      Damage    Failure   Level
a - Sandblast             Erth           62%        2d14      1%          1
b - Passwall              Tmut/Erth      21%        N/A       2%          2
c - Stone Arrow           Conj/Erth      48%        3d10      5%          3

Your spell library contained the following spells:

 Spells                   Type           Power      Damage    Failure   Level
 Ensorcelled Hibernation  Hex/Ice        10%        N/A       13%         2
 Petrify                  Tmut/Erth      26%        N/A       16%         4
 Swiftness                Air            5%         N/A       26%         3


Dungeon Overview and Level Annotations

Branches:
Dungeon (5/15) Zot: 2132
 Temple: D:4-7

Altars:
Sif Muna

Shops:
D:4 [

Annotations:
D:4 Ijyb
D:5 Pikel


Innate Abilities, Weirdness & Mutations

You passively map a small area around you.
You are easily found by Zot.
You glow in the dark.
You regain HP and MP as you explore.


Message History

Aim: a lemure (64% to hit)
The stone arrow hits the lemure!
The lemure is moderately wounded.
The lemure hits you!
Unknown command.
Casting: Stone Arrow (dangerous; 5% risk of failure)
Confirm with . or Enter, or press ? or * to list all spells.
Aiming: Stone Arrow (dangerous; 5% risk of failure)
Press: ? - help, Shift-Dir - straight line, f/p - lemure
Aim: a lemure (moderately wounded, 64% to hit)
The stone arrow hits the lemure!
The lemure is almost dead.
The lemure hits you.
* * * LOW HITPOINT WARNING * * *
Casting: Stone Arrow (dangerous; 5% risk of failure)
Confirm with . or Enter, or press ? or * to list all spells.
Aiming: Stone Arrow (dangerous; 5% risk of failure)
Press: ? - help, Shift-Dir - straight line, f/p - lemure
Aim: a lemure (almost dead, 64% to hit)
The stone arrow misses the lemure.
The stone arrow hits the orc!
You kill the orc!
The lemure hits you!
* * * LOW HITPOINT WARNING * * *
You feel better. The lemure hits you.
* * * LOW HITPOINT WARNING * * *
You feel better. The lemure hits you.
* * * LOW HITPOINT WARNING * * *
Magic courses through your body. The lemure hits you but does no damage.
Casting: Stone Arrow (dangerous; 5% risk of failure)
Confirm with . or Enter, or press ? or * to list all spells.
Aiming: Stone Arrow (dangerous; 5% risk of failure)
Press: ? - help, Shift-Dir - straight line, f/p - lemure
Aim: a lemure (almost dead, 64% to hit)
The stone arrow hits the lemure!
You kill the lemure!
That felt strangely unrewarding.
Ijyb zaps a wand.
The bolt of light hits the orc!
The orc dies!
The bolt of light hits you!
You die...

# # # ########## *##
####........#####.#
...#.###......))@.#
...#.###......g##.#
.............!>##+###
.#.#####............#
.+.# ####.........#
.#.# #.........# ####
#.........#
#.........#
#.........#


You could see Ijyb.

Vanquished Creatures
  A lemure (D:4)
  A howler monkey (D:3)
  3 hounds (D:4)
  An iguana (D:4)
  An orc wizard (D:4)
  An adder (D:2)
  An ufetubus (D:4)
  A worm (D:2)
  A dart slug (D:4)
  2 orcs (D:4)
  2 ball pythons
  4 endoplasms
  A giant cockroach (D:2)
  3 goblins
  2 hobgoblins
  2 jackals (D:3)
  6 quokkas
  3 bats
  3 frilled lizards
  5 kobolds
  4 rats
48 creatures vanquished.

Vanquished Creatures (others)
  An orc (D:4)
1 creature vanquished.

Grand Total: 49 creatures vanquished

Notes
Turn   | Place    | Note
-------+----------+-------------------------------------------
     0 | D:1      | redmage the Meteoran Earth Elementalist began the quest for
                  | the Orb.
     0 | D:1      | Reached XP level 1. HP: 14/14 MP: 5/5
   135 | D:1      | Reached XP level 2. HP: 12/20 MP: 2/6
   137 | D:1      | Reached skill level 4 in Earth Magic
   208 | D:2      | Learned a level 2 spell: Passwall
   220 | D:2      | Found a shimmering blue altar of Sif Muna.
   246 | D:2      | Reached XP level 3. HP: 26/26 MP: 6/8
   250 | D:2      | Learned a level 3 spell: Stone Arrow
   395 | D:3      | Reached XP level 4. HP: 34/34 MP: 8/10
   429 | D:3      | Reached skill level 1 in Conjurations
   429 | D:3      | Reached XP level 5. HP: 39/39 MP: 8/11
   554 | D:5      | Entered Level 5 of the Dungeon
   554 | D:5      | Noticed a centaur
   632 | D:4      | Reached XP level 6. HP: 37/46 MP: 4/13
   639 | D:4      | Reached skill level 5 in Earth Magic
   668 | D:4      | Found Jauti's Armour Boutique.
   814 | D:5      | Noticed Ijyb
   826 | D:5      | Noticed Pikel
   838 | D:4      | Killed from afar by Ijyb

Illustrated notes

Levels and vault maps discovered:
D:1:      amcnicky_arrival_abandoned_market, layout_basic
D:2:      layout_loops_ring, basic_altar, uniq_natasha
D:3:      layout_rooms, minmay_ogre_servants
D:4:      minmay_angry_zag, layout_basic, serial_shops, shop_fountains
D:5:      layout_rooms, kennysheep_potato, uniq_duvessa, uniq_pikel,
          uniq_sigmund, uniq_ijyb, uniq_crazy_yiuf_cottage

Skill      XL: |  1  2  3  4  5  6 |
---------------+-------------------+-----
Earth Magic    | 4 5 |  5.1
Spellcasting   | 3 4 |  4.4
Dodging        | 3 |  3.1
Conjurations   | 1 2 |  2.5
Transmutations | 2 3 |  3.0
Fighting       | |  0.3
Short Blades   | |  0.2
Stealth        | |  1.4

Action                     |  1- 3 |  4- 6 || total
---------------------------+-------+-------++-------
  Melee: Dagger            |     8 |       ||     8
         Trident           |       |     7 ||     7
   Cast: Sandblast         |    45 |    14 ||    59
         Passwall          |       |     6 ||     6
         Stone Arrow       |       |    14 ||    14
    Use: Scroll            |       |     6 ||     6
         Potion            |       |     3 ||     3
   Stab: Sleeping          |     1 |       ||     1
 Armour: Robe              |     8 |     8 ||    16
  Dodge: Dodged            |    26 |    15 ||    41
